 Dungeon Crawl Stone Soup version 0.31.0-12-g77e489cdc1 (webtiles) character file.

Game seed: 10933174426727335716

74 Killerpretzel the Changeling (level 4, -1/29 HPs)
             Began as an Octopode Shapeshifter on Mar 7, 2024.
             Slain by a goblin
             ... wielding a +0 club
             ... led by Robin
              (2 damage)
             ... on level 3 of the Dungeon.
             The game lasted 00:01:01 (1308 turns).

Killerpretzel the Changeling (OpSh)                 Turns: 1308, Time: 00:01:01

Health: -1/29      AC:  1    Str: 13    XL:     4   Next: 30%
Magic:  4/4        EV: 13    Int: 12    God:
Gold:   88         SH:  0    Dex: 13    Spells: 3/3 levels left

rFire   . .          .
                       - Unarmed
rCold   . . .        (no shield)
rNeg    . . .        (helmet currently unavailable)
rPois   .            (no amulet)
rElec   .            k - ring of flight
rCorr   .            (no ring)
SInv    .            (no ring)
Will    .....        (no ring)
Stlth   ++           (no ring)
HPRegen 0.24/turn    (no ring)
MPRegen 0.09/turn    (no ring)
                     (no ring)

%: no passive effects
@: beast-form, flying
A: beast (slay +2), almost no armour, amphibious, 8 rings, camouflage 1,
gelatinous body 1, (nimble swimmer 1), tentacles
a: Begin Untransformation


You were on level 3 of the Dungeon.
You were a hulking beast.
You visited 1 branch of the dungeon, and saw 3 of its levels.

You collected 88 gold pieces.

Inventory:

Missiles
 i - 4 boomerangs (quivered)
Jewellery
 k - a ring of flight (left tentacle)
Talismans
 b - a beast talisman
 c - a flux talisman
Scrolls
 d - a scroll of vulnerability
 h - a scroll of identify
Potions
 a - a potion of lignification
 e - 4 potions of curing
 f - 2 potions of invisibility {unknown}
 g - a potion of cancellation {unknown}
 l - 2 potions of heal wounds {unknown}


   Skills:
 + Level 1.8 Fighting
 + Level 2.6 Dodging
 + Level 3.4 Unarmed Combat
 * Level 3.8 Shapeshifting


You had 3 spell levels left.
You didn't know any spells.
Your spell library contained the following spells:

 Spells                   Type           Power      Damage    Failure   Level
 Gell's Gravitas          Tloc           0%         N/A       69%         3
 Teleport Other           Tloc           0%         N/A       69%         3
 Dispersal                Tloc           0%         N/A       100%        6


Dungeon Overview and Level Annotations

Branches:
Dungeon (3/15)

Altars:

Annotations:
D:3 Robin


Innate Abilities, Weirdness & Mutations

You are a hulking beast.
Your limbs bulge with bestial killing power. (Slay +2)
You cannot wear most types of armour.
You are amphibious.
You can wear up to eight rings at the same time.
Your skin changes colour to match your surroundings (Stealth+).
Your rubbery body absorbs attacks. (AC +1, EV +1)
((You are camouflaged when in or above water. (Stealth+)))
You have tentacles for arms and can constrict up to eight enemies at once.


Message History

* * * LOW HITPOINT WARNING * * *
The goblin hits you with a +0 dagger.
* * * LOW HITPOINT WARNING * * *
You are too injured to fight recklessly!
You are too injured to fight recklessly!
You are too injured to fight recklessly!
You are too injured to fight recklessly!
You are too injured to fight recklessly!
You are too injured to fight recklessly!
You are too injured to fight recklessly!
You are too injured to fight recklessly!
There are monsters nearby!
You are too injured to fight recklessly!
You are too injured to fight recklessly!
You are too injured to fight recklessly!
You are too injured to fight recklessly!
You are too injured to fight recklessly!
You are too injured to fight recklessly!
You are too injured to fight recklessly!
You are too injured to fight recklessly!
You are too injured to fight recklessly!
You are too injured to fight recklessly!
There are monsters nearby!
You are too injured to fight recklessly!
You are too injured to fight recklessly!
You are too injured to fight recklessly!
You are too injured to fight recklessly!
You are too injured to fight recklessly!
You are too injured to fight recklessly!
You are too injured to fight recklessly!
You are too injured to fight recklessly!
You are too injured to fight recklessly!
You are too injured to fight recklessly!
There are monsters nearby!
The goblin hits you with a +0 dagger.
* * * LOW HITPOINT WARNING * * *
Robin throws the goblin at you!
* * * LOW HITPOINT WARNING * * *
The goblin hits you with a +0 club.
You die...

###### .# .. #....#
.#... #....##.#...
..##...........
........oo.o#..
.......gg.[....
#.#.#gg.g.# #.#
#.#.#o###.... #
#.#######...gh# . .
#.#...........#
.###[...#####....#
...#.............#
...#....######.###
...#...†.......#
#.............##
#.######......###..
....# #............


You could see 3 orcs, a hobgoblin (strong) and 4 goblins.

Vanquished Creatures
  Terence (D:2)
  4 dart slugs
  5 endoplasms
  2 giant cockroaches
  A hobgoblin (D:2)
  2 quokkas (D:1)
  3 ball pythons
  7 bats
  4 frilled lizards
  7 goblins
  3 kobolds
  4 rats
43 creatures vanquished.

Notes
Turn   | Place    | Note
-------+----------+-------------------------------------------
     0 | D:1      | Killerpretzel the Octopode Shapeshifter began the quest for
                  | the Orb.
     0 | D:1      | Reached XP level 1. HP: 13/13 MP: 1/1
   131 | D:1      | Reached XP level 2. HP: 18/18 MP: 2/2
   474 | D:1      | Reached XP level 3. HP: 23/23 MP: 3/3
   864 | D:2      | Noticed Terence
   871 | D:2      | Killed Terence
   872 | D:2      | Reached XP level 4. HP: 22/29 MP: 4/4
  1300 | D:3      | Noticed Robin
  1307 | D:3      | HP: 1/29 [Robin/goblin (2)]
  1308 | D:3      | Slain by a goblin

Illustrated notes

Levels and vault maps discovered:
D:1:      spicycebolla_arrival_ecumenical, layout_basic, minivault_4,
          nrook_campfire
D:2:      layout_basic, serial_bayou_pond_d, uniq_terence
D:3:      layout_basic, uniq_robin

Action                     |  1- 3 |  4- 6 || total
---------------------------+-------+-------++-------
  Melee: Unarmed           |    62 |    12 ||    74
         Constrict         |    14 |     2 ||    16
         Tentacles         |     9 |     2 ||    11
         Punch             |     3 |       ||     3
    Use: Scroll            |     3 |     4 ||     7
   Stab: Sleeping          |     7 |     5 ||    12
 Armour: Skin              |    23 |    10 ||    33
  Dodge: Dodged            |    29 |    10 ||    39
